 Dungeon Crawl Stone Soup version 0.31-a0-744-gbc345e7fcb (webtiles) character file.

Game seed: 16889184349573780668

109 Ijustatesigmund the Magician (level 4, 0/25 HPs)
             Began as a Deep Elf Fire Elementalist on Sept 13, 2023.
             Slain by an orc
             ... wielding a +0 mace
              (7 damage)
             ... on level 4 of the Dungeon.
             The game lasted 00:04:21 (2595 turns).

Ijustatesigmund the Magician (DEFE)                 Turns: 2595, Time: 00:04:22

Health: 0/25       AC:  2    Str:  5    XL:     4   Next: 60%
Magic:  4/12       EV: 12    Int: 22    God:
Gold:   145        SH:  0    Dex: 15    Spells: 8/11 levels left

rFire   . . .        e - +0 short sword
rCold   + . .        (no shield)
rNeg    . . .        a - +0 robe
rPois   .            (no helmet)
rElec   .            (no cloak)
rCorr   .            (no gloves)
SInv    .            (no boots)
Will    .....        (no amulet)
Stlth   ++           h - ring of flight
HPRegen 0.24/turn    r - ring of protection from cold
MPRegen 0.13/turn

%: no passive effects
@: flying, hasted, very quick
A: no striking features
a: no special abilities


You were on level 4 of the Dungeon.
You visited 1 branch of the dungeon, and saw 4 of its levels.

You collected 145 gold pieces.

Inventory:

Hand Weapons
 e - a +0 short sword (weapon)
 n - the +1 whip "Kyprul" {freeze, rCorr}
   (You found it on level 3 of the Dungeon)

   rCorr:     It protects you from acid and corrosion.
Armour
 a - a +0 robe (worn)
Jewellery
 h - a ring of flight (left hand)
 r - a ring of protection from cold (right hand)
Scrolls
 f - 2 scrolls of butterflies {unknown}
 l - a scroll of poison {unknown}
 o - a scroll of noise {unknown}
 p - a scroll of vulnerability {unknown}
Potions
 b - a potion of magic
 c - a potion of attraction
 d - a potion of heal wounds {unknown}
 g - 2 potions of haste
 i - a potion of ambrosia {unknown}
 j - a potion of berserk rage {unknown}
 k - a potion of brilliance {unknown}
 q - a potion of curing {unknown}


   Skills:
 + Level 1.5 Fighting
 - Level 2.4 Dodging
 - Level 2.4 Stealth
 + Level 4.2 Spellcasting
 + Level 2.5 Conjurations
 + Level 4.1 Fire Magic


You had 8 spell levels left.
You knew the following spells:

 Your Spells              Type           Power      Damage    Failure   Level
a - Foxfire               Conj/Fire      76%        2x1d7     2%          1
b - Scorch                Fire           44%        2d6       3%          2

Your spell library contained the following spells:

 Spells                   Type           Power      Damage    Failure   Level
 Shock                    Conj/Air       40%        1d5       7%          1
 Inner Flame              Hex/Fire       13%        N/A       14%         3
 Volatile Blastmotes      Fire/Tloc      26%        2d12      14%         3
 Flame Wave               Conj/Fire      19%        2d7       28%         4
 Swiftness                Air            4%         N/A       32%         3
 Airstrike                Air            2%         2d(1-17)  73%         4


Dungeon Overview and Level Annotations

Branches:
Dungeon (4/15)
 Temple: D:4-7

Altars:
Sif Muna
Trog
Wu Jian
Xom


Message History

The gnoll is heavily wounded.
The foxfire hits the gnoll.
You kill the gnoll!
Casting: Foxfire (safe; 2% risk of failure)
Confirm with . or Enter, or press ? or * to list all spells.
Flames lash the orc.
The orc is heavily wounded.
The orc's fire resistance burns away.
You hear a shout!
The orc hits you with a +0 hand axe!
A gnoll comes into view. It is wielding a +0 halberd.
Casting: Scorch (safe; 3% risk of failure)
Confirm with . or Enter, or press ? or * to list all spells.
Flames lash the orc.
You kill the orc!
You hear a shout!
The orc hits you with a +0 hand axe.
The orc is no longer more vulnerable to fire.
A goblin comes into view. It is wielding a +0 club.
The orc barely misses you.
A hobgoblin comes into view.
Casting: Scorch (safe; 3% risk of failure)
Confirm with . or Enter, or press ? or * to list all spells.
Flames lash the orc.
You kill the orc!
The hobgoblin shouts!
You hear a shout!
The orc misses you.
A goblin comes into view. It is wielding a +0 dagger.
A giant cockroach comes into view.
As you read the scroll labelled OTIAGY MASAUSH, it crumbles to dust.
It is a scroll of identify.
c - a potion of attraction The orc hits you with a +0 mace.
As you read the scroll of identify, it crumbles to dust.
g - 3 potions of haste The orc hits you with a +0 mace.
The gnoll hits you from afar with a +0 halberd.
* * * LOW HITPOINT WARNING * * *
You feel yourself speed up. The orc hits you with a +0 mace!
You die...

#.#........
#.#........
#.#........
#.#).......
#..g.......
#..g....g.. ###
#..o.g....# #...
#..@.# .....##....# #
........#..### .#.#
.....##.#....####.#.##
.... #......#.......#
... #...............
#...............
#.)..............
#................


You could see a gnoll, an orc, a hobgoblin and 2 goblins.

Vanquished Creatures
  An orc priest (D:3)
  2 gnolls (D:4)
  6 orcs
  2 endoplasms
  2 giant cockroaches (D:1)
  6 goblins
  3 hobgoblins
  2 jackals (D:2)
  3 kobolds
  3 quokkas (D:1)
  8 ball pythons
  5 bats
  4 frilled lizards
  6 rats
53 creatures vanquished.

Vanquished Creatures (others)
  97 foxfires
97 creatures vanquished.

Grand Total: 150 creatures vanquished

Notes
Turn   | Place    | Note
-------+----------+-------------------------------------------
     0 | D:1      | Ijustatesigmund the Deep Elf Fire Elementalist began the
                  | quest for the Orb.
     0 | D:1      | Reached XP level 1. HP: 10/10 MP: 6/6
   425 | D:1      | Reached XP level 2. HP: 10/16 MP: 4/8
   428 | D:1      | Learned a level 2 spell: Scorch
  1300 | D:2      | Reached XP level 3. HP: 20/20 MP: 8/10
  1702 | D:3      | Identified the +1 whip "Kyprul" {freeze, rCorr}
  1744 | D:3      | Reached skill level 1 in Fighting
  1858 | D:3      | Reached XP level 4. HP: 25/25 MP: 8/11
  2086 | D:3      | Found a bloodstained altar of Trog.
  2086 | D:3      | Found a shimmering altar of Xom.
  2087 | D:3      | Found a shimmering blue altar of Sif Muna.
  2185 | D:3      | Found an ornate altar of the Wu Jian Council.
  2595 | D:4      | Slain by an orc

Illustrated notes

Levels and vault maps discovered:
D:1:      dpeg_arrival_tiny_a, layout_loops_corners
D:2:      layout_rooms, kennysheep_boxes
D:3:      layout_rooms, nicolae_wu_jian_immortal_techniques,
          gammafunk_temple_overflow_forgotten, minmay_misc_feat_roman
D:4:      layout_rooms, nicolae_dithmenos_shadow_blocks,
          gammafunk_ghost_stat_death

Skill      XL: |  1  2  3  4 |
---------------+-------------+-----
Fighting       | 1 |  1.5
Conjurations   | 2 |  2.5
Spellcasting   | 4 |  4.2
Fire Magic     | 4 |  4.1
Dodging        | |  2.4
Stealth        | |  2.4

Action                     |  1- 3 |  4- 6 || total
---------------------------+-------+-------++-------
   Cast: Foxfire           |    48 |    11 ||    59
         Scorch            |    10 |    14 ||    24
    Use: Scroll            |       |     2 ||     2
         Potion            |       |     1 ||     1
 Armour: Robe              |     5 |    12 ||    17
  Dodge: Dodged            |     8 |     4 ||    12

Table legend: (Time is in decaauts)
 A = Elapsed time spent in this place.
 B = Non-inter-level travel time spent in this place.
 C = Inter-level travel time spent in this place.
 D = Time resting spent in this place.
 E = Time spent auto-exploring this place.
 F = Levels seen in this place.
 G = Mean time per level.
                   A        B        C        D        E       F      G
               +--------+--------+--------+--------+--------+-----+--------+
         Total |   2592 |   2523 |     69 |    180 |   2035 |   4 |  648.0 |
       Dungeon |   2592 |   2523 |     69 |    180 |   2035 |   4 |  648.0 |
               +--------+--------+--------+--------+--------+-----+--------+

Top non-repeatable levels by time:
     D:1: 1084 daAuts
     D:3: 889 daAuts
     D:2: 563 daAuts
     D:4: 55 daAuts
